 Dungeon Crawl Stone Soup version 0.19.1 (webtiles) character file.

85 Xanbar the Skirmisher (level 4, -8/41 HPs)
             Began as a Minotaur Berserker on Dec 19, 2016.
             Was a Believer of Trog.
             Mangled by Edwards80's ghost (13 damage)
             ... on level 3 of the Dungeon.
             The game lasted 00:17:06 (1965 turns).

Xanbar the Skirmisher (Minotaur Berserker)          Turns: 1965, Time: 00:17:06

Health: -8/41      AC:  7    Str: 22    XL:     4   Next: 25%
Magic:  3/3        EV: 12    Int:  4    God:    Trog [**....]
Gold:   58         SH:  0    Dex: 10    Spells: 0 memorised, 3 levels left

rFire  . . .     SeeInvis .     e - +0 mace
rCold  . . .     Gourm    .     d - +0 ring mail
rNeg   . . .     Faith    .     (no shield)
rPois  .         Spirit   .     (helmet restricted)
rElec  .         Reflect  .     (no cloak)
rCorr  .         Harm     .     m - +1 pair of gloves
MR     .....                    (no boots)
Stlth  +.........               (no amulet)
                                (no ring)
                                (no ring)

@: no status effects
A: retaliatory headbutt, horns 2
a: Berserk, Trog's Hand, Burn Spellbooks, Renounce Religion


You were on level 3 of the Dungeon.
You worshipped Trog.
Trog was pleased with you.
You were not hungry.

You visited 1 branch of the dungeon, and saw 3 of its levels.

You collected 58 gold pieces.

Inventory:

Hand Weapons
 a - a +0 hand axe
 e - a +0 mace (weapon)
 j - a +1 shortbow of flaming
Missiles
 h - 5 stones
 l - 10 poisoned needles
 n - 15 bolts
 q - 4 large rocks (quivered)
Armour
 d - a +0 ring mail (worn)
 m - a +1 pair of gloves (worn)
Wands
 k - a wand of paralysis (15/24)
Scrolls
 b - 2 scrolls of fear {unknown}
 f - a scroll of noise {unknown}
 g - a scroll of identify {unknown}
 i - 4 scrolls of teleportation {unknown}
 o - a scroll of fog {unknown}
Comestibles
 c - 2 bread rations


   Skills:
 + Level 4.4 Fighting
 + Level 3.9(4.2) Axes
 + Level 2.0(3.2) Maces & Flails
 + Level 3.0 Armour
 + Level 2.9 Dodging
 + Level 0.5 Stealth


You had 3 spell levels left.
You didn't know any spells.

Dungeon Overview and Level Annotations

Branches:
Dungeon (3/15)

Altars:
Elyvilon
Xom

Annotations:
D:3 Edwards80's ghost, amateur HOFi


Innate Abilities, Weirdness & Mutations

You reflexively headbutt those who attack you in melee.
You have a pair of horns on your head.


Message History

The goblin shouts!
The goblin unwields an uncursed club.
The goblin wields a hunting sling.
The goblin shoots a stone.
The stone closely misses you.
The stone hits Edwards80's ghost but does no damage.
You closely miss the goblin. Edwards80's ghost barely misses you.
The goblin unwields an uncursed hunting sling.
The goblin wields an uncursed club.
The goblin barely misses you. Edwards80's ghost hits you!
* * * LOW HITPOINT WARNING * * *
You closely miss the goblin. Your headbutt misses the goblin.
The goblin hits you with an uncursed club.
* * * LOW HITPOINT WARNING * * *
Edwards80's ghost misses you. You furiously retaliate!
You headbutt Edwards80's ghost. You hit the goblin.
You kill the goblin!
Trog accepts your kill.
Edwards80's ghost whispers, "They're coming for you..."
Edwards80's ghost hits you!
You die...

.#....... .#......<
....... .....# #....#
#†## . ...###########
...
.............######..###
...#########(..W@)......
#### ########.####


You could see Edwards80's ghost.

Vanquished Creatures
  3 adders (D:2)
  An ooze (D:2)
  4 worms
  A dart slug (D:2)
  A leopard gecko (D:2)
  4 giant cockroaches (D:1)
  4 goblins
  5 hobgoblins
  6 bats
  3 frilled lizards
  4 kobolds
  7 rats
43 creatures vanquished.

Notes
Turn   | Place    | Note
-------+----------+-------------------------------------------
     0 | D:1      | Xanbar the Minotaur Berserker began the quest for the Orb.
     0 | D:1      | Reached XP level 1. HP: 19/19 MP: 0/0
   253 | D:1      | Reached XP level 2. HP: 27/27 MP: 1/1
   445 | D:1      | Reached skill level 4 in Fighting
   888 | D:2      | Found a shimmering altar of Xom.
   902 | D:2      | Reached XP level 3. HP: 31/33 MP: 2/2
  1281 | D:2      | Reached skill level 1 in Maces & Flails
  1418 | D:2      | Found a white marble altar of Elyvilon.
  1644 | D:2      | Reached ** piety under Trog
  1645 | D:2      | Reached XP level 4. HP: 34/41 MP: 3/3
  1919 | D:3      | Noticed Edwards80's ghost (amateur HOFi)
  1965 | D:3      | Mangled by Edwards80's ghost

Skill      XL: |  1  2  3  4 |
---------------+-------------+-----
Fighting       | 4 |  4.4
Maces & Flails | 1 2 |  2.0
Armour         | 3 |  3.0
Axes           | |  3.9
Dodging        | |  2.9
Stealth        | |  0.5

Action                   |  1- 3 |  4- 6 || total
-------------------------+-------+-------++-------
Melee: Mace              |    69 |    20 ||    89
       Hand axe          |     5 |       ||     5
       Headbutt          |    10 |     5 ||    15
  Use: Potion            |     5 |       ||     5
  Eat: Chunk             |     2 |     1 ||     3
Armor: Animal skin       |    15 |       ||    15
       Ring mail         |    16 |     1 ||    17
Dodge: Dodged            |    46 |     9 ||    55
